 Dungeon Crawl Stone Soup version 0.21.1-1-g345015f (webtiles) character file.

228 Fang the Skirmisher (level 6, 0/39 HPs)
             Began as a Gargoyle Berserker on June 5, 2018.
             Was a Believer of Trog.
             Slain by an adder (3 damage)
             ... on level 3 of the Dungeon.
             The game lasted 00:02:21 (1703 turns).

Fang the Skirmisher (Gargoyle Berserker)            Turns: 1703, Time: 00:02:21

Health: 0/39       AC: 11    Str: 22    XL:     6   Next: 2%
Magic:  6/6        EV: 10    Int:  8    God:    Trog [**....]
Gold:   136        SH:  0    Dex:  9    Spells: 5/5 levels left

rFire    + . .     SeeInvis .   a - +0 hand axe
rCold    . . .     Gourm    .   (no shield)
rNeg     + . .     Faith    .   g - +0 scale mail {rPois}
rPois    ∞         Spirit   .   (no helmet)
rElec    +         Reflect  .   (no cloak)
rCorr    .         Harm     .   (no gloves)
MR       .....                  (no boots)
Stlth    ..........             (no amulet)
HPRegen  0.13/turn              d - ring of protection from fire
MPRegen  0.10/turn              o - ring of wizardry

@: berserk cooldown
A: negative energy resistance 1, electricity resistance, unbreathing,
petrification resistance, rot immunity, AC +4
a: Berserk, Trog's Hand, Burn Spellbooks, Renounce Religion


You were on level 3 of the Dungeon.
You worshipped Trog.
Trog was pleased with you.
You were very hungry.

You visited 1 branch of the dungeon, and saw 3 of its levels.

You collected 136 gold pieces.

Inventory:

Hand Weapons
 a - a +0 hand axe (weapon)
Missiles
 q - 4 javelins of penetration (quivered)
Armour
 b - a +0 animal skin
 g - a +0 scale mail of poison resistance (worn)
Jewellery
 d - a ring of protection from fire (left hand)
 o - a ring of wizardry (right hand)
Scrolls
 e - 3 scrolls of identify {unknown}
 j - a scroll of amnesia {unknown}
 l - a scroll of enchant weapon {unknown}
 n - a scroll of random uselessness {unknown}
Potions
 f - a potion of invisibility {unknown}
 h - a potion of degeneration {unknown}
 i - a potion of heal wounds {unknown}
 k - a potion of lignification {unknown}
 m - a potion of haste {unknown}
Comestibles
 c - 3 rations
 p - 4 chunks of flesh


   Skills:
 + Level 4.6 Fighting
 + Level 4.2 Axes
 + Level 3.6 Armour
 + Level 2.0 Dodging
 + Level 0.8 Stealth


You had 5 spell levels left.
You didn't know any spells.

Dungeon Overview and Level Annotations

Branches:
Dungeon (3/15)

Altars:
Okawaru


Innate Abilities, Weirdness & Mutations

You are resistant to torment.
Your stone body is resilient. (AC +4)
You are immune to poison.
You resist negative energy. (rN+)
You are resistant to electric shocks. (rElec)
You can survive without breathing.
You are immune to petrification.
You are immune to rotting.


Message History

You barely miss the hobgoblin.
The hobgoblin is severely wounded.
You miss the adder. The hobgoblin barely misses you.
The adder bites you but does no damage. The adder barely misses you.
The hobgoblin barely misses you.
Unknown command.
You hit the hobgoblin but do no damage.
The hobgoblin is heavily wounded.
You hit the adder but do no damage. The adder barely misses you.
The hobgoblin closely misses you. The adder barely misses you.
Unknown command.
The hobgoblin hits you with a club.
* * * LOW HITPOINT WARNING * * *
The adder bites you.
* * * LOW HITPOINT WARNING * * *
The hobgoblin hits you but does no damage.
The adder bites you but does no damage.
You feel yourself speed up. The adder bites you.
You die...

##....%.....##.###
##....<............
#................#
#.........)....#
#....<.........#
#######..........[!..#
#..........)....?....#
#...........g..)..).##
#..........@S.............
#...........###..###....#.
#...........# #..# ..#.#
#........>..# #.... ......
#......<÷...# #.#..# #....
###########...#.#.... .#.%
###.#.#..#.. ##. )... .#.#
....


You could see an adder and a hobgoblin.

Vanquished Creatures
  Purgy (D:3)
  Crazy Yiuf (D:2)
  Terence (D:3)
  3 adders
  An ooze (D:3)
  A worm (D:3)
  2 dart slugs
  3 leopard geckos
  An orc (D:3)
  3 giant cockroaches (D:1)
  4 goblins
  7 hobgoblins
  5 bats
  2 frilled lizards (D:2)
  6 kobolds (D:1)
  6 rats
47 creatures vanquished.

Notes
Turn   | Place    | Note
-------+----------+-------------------------------------------
     0 | D:1      | Fang the Gargoyle Berserker began the quest for the Orb.
     0 | D:1      | Reached XP level 1. HP: 14/14 MP: 1/1
   219 | D:1      | Reached XP level 2. HP: 16/19 MP: 2/2
   538 | D:1      | Reached XP level 3. HP: 24/24 MP: 3/3
   879 | D:2      | Found an iron altar of Okawaru.
  1258 | D:2      | Reached ** piety under Trog
  1272 | D:2      | Found a runed door.
  1335 | D:2      | Reached XP level 4. HP: 27/29 MP: 4/4
  1533 | D:2      | Noticed Crazy Yiuf
  1542 | D:2      | Killed Crazy Yiuf
  1657 | D:3      | Noticed Terence
  1658 | D:3      | Noticed Purgy
  1673 | D:3      | Killed Purgy
  1673 | D:3      | Reached XP level 5. HP: 9/34 MP: 5/5
  1676 | D:3      | Killed Terence
  1676 | D:3      | Reached XP level 6. HP: 11/39 MP: 6/6
  1703 | D:3      | Slain by an adder

Skill      XL: |  1  2  3  4 |
---------------+-------------+-----
Axes           | 3 4 |  4.2
Fighting       | 4 |  4.6
Armour         | 3 |  3.6
Dodging        | 2 |  2.0
Stealth        | |  0.8

Action                   |  1- 3 |  4- 6 || total
-------------------------+-------+-------++-------
Melee: Hand axe          |   131 |    55 ||   186
Invok: Berserk           |       |     2 ||     2
  Eat: Chunk             |     1 |     2 ||     3
Armor: Scale mail        |    80 |    43 ||   123
       Animal skin       |     1 |       ||     1
Dodge: Dodged            |    95 |    50 ||   145
